AoeStats
← Aklsuz

Black Forest

507230324Analyzed
4v4 RM · 15d ago on Sep 17, 2026· 50m 38s· 8 players
Game mode
Random Map
Map size
Large (8 player)
Population
200
Speed
Normal
Resources
Standard
Victory
Conquest
Starting age
Dark Age
Ending age
Imperial Age
RankedLock teamsTeams togetherTeam positionsShared explorationLock speedFull tech treeHidden civsTurbo modeCheats
Victory
Defeat
🇹🇼 Koreans · Taiwan
1331
+14
🇹🇼 Vietnamese · Taiwan
1329
+14
🇮🇳 Persians · India
1302
+15
🇭🇰 Mongols · Hong Kong SAR China
1280
+16
🇬🇧 Turks · United Kingdom
1350
-17
🇵🇱 Japanese · Poland
1323
-16
🇨🇭 Khmer · Switzerland
1247
-13
🇨🇳 Persians · China
1247
-13
Vu_PY
11:58 Feudal Age
17:07 Castle Age
15:02 Double-Bit Axe
16:39 Horse Collar
18:56 Wheelbarrow
18:33 Bow Saw
19:08 Fishing Lines
20:03 Gillnets
23:10 Gold Mining
25:10 Stone Mining
29:09 Imperial Age
26:53 Loom
27:47 Stone Shaft Mining
27:48 Gold Shaft Mining
27:32 Fletching
28:04 Ballistics
28:27 Bodkin Arrow
28:47 Masonry
29:15 Hand Cart
28:46 Town Watch
30:39 Chemistry
30:58 Architecture
31:28 Conscription
31:35 Murder Holes
32:18 Hoardings
32:38 Citadels
32:33 Padded Archer Armor
32:44 Town Patrol
33:15 Scale Barding Armor
33:21 Forging
34:32 Bloodlines
34:23 Husbandry
34:46 Chain Barding Armor
33:49 Elite War Elephant
35:49 Iron Casting
41:16 Coinage
42:00 Plate Barding Armor
42:26 Blast Furnace
41:40 Devotion
43:06 Banking
Yuuki Asuna
1:41 Loom
13:26 Feudal Age
17:38 Castle Age
17:18 Double-Bit Axe
20:33 Bow Saw
20:22 Horse Collar
21:05 Fishing Lines
22:12 Gillnets
24:58 Wheelbarrow
24:32 Heavy Plow
27:34 Hand Cart
27:40 Gold Mining
27:40 Stone Mining
33:01 Imperial Age
30:27 Town Watch
30:33 Fletching
30:44 Padded Archer Armor
32:04 Town Patrol
33:19 Ballistics
33:37 Thumb Ring
34:17 Stone Shaft Mining
34:17 Gold Shaft Mining
33:06 Elite Mangudai
34:08 Conscription
34:14 Bodkin Arrow
34:34 Bloodlines
34:24 Husbandry
36:25 Chemistry
35:54 Parthian Tactics
36:28 Bracer
36:57 Leather Archer Armor
37:13 Drill
36:25 Capped Ram
37:00 Onager
39:01 Siege Ram
40:29 Gold Shaft Mining
47:24 Caravan
thetoastaoe
4:25 Loom
11:54 Feudal Age
15:58 Castle Age
13:57 Double-Bit Axe
14:19 Fishing Lines
17:12 Bow Saw
18:13 Gillnets
21:03 Wheelbarrow
25:37 Hand Cart
25:08 Town Watch
26:03 Horse Collar
28:11 Heavy Plow
31:31 Imperial Age
29:50 Gold Mining
29:50 Stone Mining
29:59 Fletching
30:51 Bodkin Arrow
31:18 Ballistics
31:38 Scale Mail Armor
31:48 Forging
31:41 Treadmill Crane
32:12 Masonry
32:51 Stone Shaft Mining
32:52 Gold Shaft Mining
32:44 Conscription
32:44 Chain Mail Armor
32:30 Bracer
33:32 Chemistry
32:14 Pikeman
32:55 Squires
33:36 Halberdier
34:42 Elite War Wagon
37:34 Shinkichon
38:25 Architecture
38:01 Siege Engineers
37:42 Arrowslits
37:54 Murder Holes
38:25 Eupseong
39:42 Plate Mail Armor
39:47 Iron Casting
39:14 Arson
39:15 Gambesons
40:50 Two-Man Saw
41:59 Coinage
41:29 Caravan
41:40 Guilds
43:23 Banking
Red
0:27 Loom
12:46 Feudal Age
18:05 Castle Age
16:58 Horse Collar
17:05 Double-Bit Axe
19:40 Heavy Plow
19:34 Stone Mining
19:34 Gold Mining
20:50 Crossbowman
24:26 Fletching
24:36 Padded Archer Armor
26:09 Wheelbarrow
25:34 Bodkin Arrow
31:19 Thumb Ring
33:09 Ballistics
42:33 Hand Cart
42:38 Treadmill Crane
46:46 Imperial Age
45:32 Elite Skirmisher
45:38 Elite Skirmisher
46:52 Arbalester
46:53 Imperial Skirmisher
48:09 Bracer
48:24 Leather Archer Armor
50:12 Chemistry
gytisrepsys
10:28 Loom
12:56 Feudal Age
17:25 Castle Age
15:58 Double-Bit Axe
18:22 Wheelbarrow
18:36 Bow Saw
18:50 Fletching
22:58 Bodkin Arrow
29:00 Imperial Age
29:24 Elite Janissary
30:34 Bracer
31:52 Gold Mining
31:53 Stone Mining
31:45 Horse Collar
33:08 Two-Man Saw
37:43 Caravan
40:05 Padded Archer Armor
40:15 Forging
48:54 Gold Shaft Mining
48:38 Leather Archer Armor
蝴蝶
9:45 Feudal Age
15:02 Castle Age
13:17 Double-Bit Axe
14:06 Horse Collar
16:17 Wheelbarrow
15:56 Bow Saw
16:23 Heavy Plow
22:04 Gold Mining
22:07 Stone Mining
22:10 Loom
24:00 Hand Cart
24:48 Stone Shaft Mining
26:05 Town Watch
30:14 Imperial Age
28:17 Scale Barding Armor
28:22 Forging
28:52 Masonry
28:38 Murder Holes
29:04 Ballistics
30:37 Chain Barding Armor
30:53 Iron Casting
30:45 Husbandry
30:56 Bloodlines
31:10 Conscription
31:29 Hoardings
30:22 Cavalier
30:24 Light Cavalry
31:43 Town Patrol
31:06 Heavy Camel Rider
32:39 Plate Barding Armor
32:38 Guilds
32:58 Coinage
32:30 Caravan
32:39 Savar
33:15 Hussar
35:04 Banking
36:00 Gold Shaft Mining
35:57 Architecture
37:17 Blast Furnace
37:04 Citadels
36:48 Fletching
36:58 Scale Mail Armor
36:58 Padded Archer Armor
40:58 Leather Archer Armor
40:38 Heated Shot
41:49 Chemistry
40:41 Guard Tower
42:16 Chain Mail Armor
43:29 Elite War Elephant
Aklsuz
0:43 Loom
13:23 Feudal Age
19:53 Castle Age
18:43 Double-Bit Axe
21:00 Wheelbarrow
20:13 Horse Collar
21:47 Bow Saw
25:01 Heavy Plow
28:45 Stone Mining
28:48 Gold Mining
30:05 Gold Shaft Mining
34:34 Imperial Age
32:20 Pikeman
33:00 Squires
33:41 Fortified Wall
33:50 Scale Mail Armor
34:00 Forging
34:50 Guard Tower
34:53 Fletching
36:06 Ballistics
36:10 Halberdier
38:08 Chemistry
37:22 Bodkin Arrow
38:58 Chain Mail Armor
40:55 Iron Casting
42:10 Keep
Coen27
1:35 Loom
2:03 Loom
11:46 Feudal Age
14:51 Castle Age
12:58 Double-Bit Axe
13:02 Horse Collar
20:26 Town Watch
22:16 Bow Saw
22:57 Heavy Plow
25:05 Wheelbarrow
24:31 Town Patrol
25:10 Wheelbarrow
24:29 Gold Mining
24:36 Stone Mining
26:58 Gold Shaft Mining
26:58 Stone Shaft Mining
30:15 Imperial Age
28:15 Hand Cart
29:59 Husbandry
30:09 Bloodlines
32:11 Chemistry
32:17 Scale Barding Armor
32:35 Double Crossbow
32:56 Conscription
33:21 Chain Barding Armor
33:40 Ballistics
33:26 Elite Ballista Elephant
34:47 Plate Barding Armor
34:22 Forging
34:52 Hoardings
34:02 Capped Ram
35:16 Siege Engineers
35:58 Tusk Swords
35:37 Siege Ram
36:10 Heavy Scorpion
37:15 Fortified Wall
36:42 Light Cavalry
38:03 Iron Casting
41:15 Murder Holes
41:31 Masonry
41:24 Elite Battle Elephant
41:48 Elite Battle Elephant
Connection lost

Rejoining the realm…

Still unreachable

The connection could not be restored.

Session expired

The server has moved on; the page needs a fresh start.